 Dungeon Crawl Stone Soup version 0.16-a0-3455-gc1648d5 (webtiles) character file.

1907 Minkie the Vexing (level 8, 41/41 HPs)
             Began as a Deep Elf Enchanter on Jan 1, 2015.
             Quit the game in the Ecumenical Temple.
             The game lasted 00:38:53 (7622 turns).

Minkie the Vexing (Deep Elf Enchanter)              Turns: 7622, Time: 00:38:53

Health: 41/41      AC:  6    Str:  8    XL:     8   Next: 94%
Magic:  24/24      EV: 16    Int: 21    God:
Gold:   225        SH:  4    Dex: 15    Spells: 4 memorised, 9 levels left

rFire  . . .     SeeInvis .     a - +1 dagger
rCold  . . .     Clarity  .     b - +1 robe
rNeg   + . .     SustAb   .     m - +0 buckler
rPois  .         Gourm    .     (no helmet)
rElec  .         Spirit   .     (no cloak)
rCorr  .         Warding  .     v - +1 pair of gloves
rMut   .         Stasis   .     D - +0 pair of boots
MR     .....                    (no amulet)
Stlth  +++.......               H - ring of positive energy
                                x - +4 ring of evasion

@: mighty, flying, not resistant to hostile enchantments, fairly stealthy
A: weak 2
a: no special abilities


You were in the Ecumenical Temple.
You were very hungry.

You visited 2 branches of the dungeon, and saw 7 of its levels.
You also visited: Sewer.

You collected 225 gold pieces.

Inventory:

Hand weapons
 a - a +1 dagger (weapon)
 L - a +0 blowgun
Missiles
 e - 2 needles of sleeping
 g - 27 poisoned needles
Armour
 b - a +1 robe (worn)
 m - a +0 buckler (worn)
 v - a +1 pair of gloves (worn)
 D - a +0 pair of boots (worn)
Jewellery
 x - a +4 ring of evasion (left hand)
 H - a ring of positive energy (right hand)
 I - an uncursed ring of positive energy
 P - an uncursed amulet of rage {unknown}
Magical devices
 z - a wand of paralysis (12)
Scrolls
 f - 2 scrolls of amnesia {unknown}
 i - 3 scrolls of fear {unknown}
 j - 5 scrolls of remove curse
 o - 2 scrolls of recharging {unknown}
 p - 2 scrolls of enchant weapon {unknown}
 q - 4 scrolls of magic mapping {unknown}
 s - 3 scrolls of teleportation {unknown}
 t - 2 scrolls of random uselessness {unknown}
 y - a scroll of fog {unknown}
 E - a scroll of blinking {unknown}
 O - a scroll of enchant armour {unknown}
Potions
 l - a potion of haste
 n - a potion of ambrosia
 u - 3 potions of curing
 w - 2 potions of brilliance
 A - a potion of cancellation
 B - a potion of heal wounds
Books
 c - a book of Maledictions

   Spells                             Type                      Level
   a - Corona                         Hexes                        1
   b - Sure Blade                     Hexes/Charms                 2
   c - Ensorcelled Hibernation        Hexes/Ice                    2
   d - Confuse                        Hexes                        3
   e - Dazzling Spray                 Conjuration/Hexes            3
   f - Enslavement                    Hexes                        4
 k - a book of Minor Magic

   Spells                             Type                      Level
   a - Magic Dart                     Conjuration                  1
   b - Blink                          Translocation                2
   c - Call Imp                       Summoning                    2
   d - Repel Missiles                 Charms/Air                   2
   e - Slow                           Hexes                        2
   f - Conjure Flame                  Conjuration/Fire             3
   g - Mephitic Cloud                 Conjuration/Poison/Air       3
 F - a book of Annihilations {highlevel, unknown}

   This book is beyond your current level of understanding.

   Spells                             Type                      Level
   a - Poison Arrow                   Conjuration/Poison           6
   b - Chain Lightning                Conjuration/Air              8
   c - Lehudib's Crystal Spear        Conjuration/Earth            8
   d - Glaciate                       Conjuration/Ice              9
   e - Fire Storm                     Conjuration/Fire             9
Comestibles
 d - 4 bread rations
 h - 2 beef jerkies
 C - a meat ration
 J - a slice of pizza


   Skills:
 * Level 7.2 Short Blades
 - Level 2.4 Dodging
 - Level 6.1 Stealth
 - Level 1.0 Shields
 - Level 5.0 Spellcasting
 + Level 7.8 Hexes
 - Level 2.0 Translocations
 + Level 5.2 Ice Magic


You had 9 spell levels left.
You knew the following spells:

 Your Spells              Type           Power        Failure   Level  Hunger
a - Corona                Hex            #####..      1%          1    None
b - Ensorcelled Hibernat  Hex/Ice        ####..       1%          2    None
c - Confuse               Hex            #####...     1%          3    ##.....
d - Blink                 Tloc           N/A          10%         2    None


Dungeon Overview and Level Annotations

Branches:
Dungeon (6/15)             Temple (1/1) D:6

Altars:
Cheibriados
Dithmenos
Elyvilon
Fedhas
Gozag
Makhleb
Nemelex Xobeh
Okawaru
Qazlal
Ru
Sif Muna
Trog
Xom
Zin
The Shining One


Innate Abilities, Weirdness & Mutations

You are very weak. (Str -4)


Message History

Identify which item? (\ to view known items) (? for menu, Esc to quit)
As you read the scroll of identify, it crumbles to dust.
A - a potion of cancellation Drink which item? (? for menu, Esc to quit)
You are confused.
You feel invigorated.
Drink which item? (? for menu, Esc to quit)
You feel better.
You feel less invigorated.
Drink which item? (? for menu, Esc to quit)
It was a potion of heal wounds.
You feel much better.
Drink which item? (? for menu, Esc to quit)
It was a potion of magic.
Magic courses through your body.
Drink which item? (? for menu, Esc to quit)
It was a potion of might.
You feel very mighty all of a sudden.
Drink which item? (? for menu, Esc to quit)
It was a potion of flight.
You feel very buoyant.
You fly up into the air.
Are you sure you want to abandon this character and quit the game? (Confirm with "yes".)

♣....♣♣♣♣..♣♣♣P♣♣♣♣♣..♣♣♣♣.....
♣.....♣♣♣♣♣..♣♣♣ ♣♣.....♣♣♣..
♣.._.....♣..♣♣ ♣..♣♣♣♣♣♣P♣♣
♣.....PP....P♣ ♣P♣.♣♣♣♣♣♣♣
♣♣...♣♣♣♣♣♣♣.♣♣ ♣♣♣....♣P♣
♣♣.♣♣♣ ♣♣.♣♣ ♣♣♣♣......♣♣♣♣
♣♣....♣♣♣♣♣♣♣♣♣.♣♣♣....._..♣♣♣..
♣..♣♣♣♣.P...♣♣♣....P♣♣........P♣
♣♣.♣P.♣♣.....♣♣@.♣♣♣♣♣♣...♣♣♣♣♣♣
♣..♣ ♣.._..♣♣.♣♣ ♣P♣♣♣ ♣ ♣♣.♣
♣.....♣♣..♣ ♣♣♣ ♣♣ ♣♣.♣
♣♣...♣.♣♣.♣ ♣. ♣.♣♣ ♣♣.♣♣♣♣♣.♣
♣. ♣♣.♣ ♣..♣♣ ♣.♣♣♣♣♣ ♣. ♣.♣♣♣
♣♣.P♣♣♣♣....♣♣ ♣♣ ♣♣...♣♣
♣....♣♣♣.....♣ ♣
♣.....♣♣♣♣♣.♣♣..♣♣.._..♣


There were no monsters in sight!

Vanquished Creatures
  The ghost of chequers the Cudgeler, an average DsFi of Makhleb (D:4)
  The ghost of Minkie the Ducker, an average HEWr (D:3)
  Edmund (D:4)
  2 ice beasts
  A necrophage (D:6)
  A sky beast (D:6)
  3 ogres
  A big kobold (Sewer)
  A goliath beetle (D:6)
  A jelly (D:4)
  An orc priest (D:4)
  7 worker ants
  6 hounds
  2 orc wizards
  Ijyb (D:5)
  A hound zombie (D:6)
  A worker ant zombie (D:5)
  16 adders
  3 river rats (Sewer)
  2 giant mites
  3 worms
  3 giant geckos
  4 oozes
  12 orcs
  3 ball pythons
  A bat skeleton (D:6)
  9 giant cockroaches
  13 hobgoblins
  15 kobolds
  3 quokkas
  6 bats
  6 giant newts
  10 goblins
  16 jackals
  16 rats
173 creatures vanquished.

Notes
Turn   | Place    | Note
--------------------------------------------------------------
     0 | D:1      | Minkie, the Deep Elf Enchanter, began the quest for the Orb.
     0 | D:1      | Reached XP level 1. HP: 10/10 MP: 5/5
   144 | D:1      | Reached XP level 2. HP: 15/15 MP: 6/8
   148 | D:1      | Learned a level 2 spell: Ensorcelled Hibernation
   896 | D:2      | Reached skill level 1 in Ice Magic
   896 | D:2      | Reached XP level 3. HP: 16/19 MP: 5/11
  1457 | D:2      | Learned a level 3 spell: Confuse
  2000 | D:3      | Reached XP level 4. HP: 24/24 MP: 11/14
  2114 | D:3      | Noticed Minkie's ghost (average HEWr)
  3163 | D:4      | Reached XP level 5. HP: 25/28 MP: 12/17
  3552 | D:4      | Reached skill level 1 in Shields
  3591 | D:4      | Reached skill level 5 in Hexes
  3597 | D:4      | Learned a level 2 spell: Blink
  3648 | D:4      | Reached XP level 6. HP: 32/32 MP: 18/20
  3655 | D:4      | Reached skill level 5 in Stealth
  3847 | D:4      | Noticed chequers' ghost (average DsFi)
  3853 | D:4      | Noticed Edmund
  3882 | D:4      | Killed Edmund
  3882 | D:4      | Reached skill level 1 in Translocations
  4176 | D:4      | Found a glowing silver altar of Zin.
  4183 | D:4      | Reached XP level 7. HP: 36/36 MP: 17/22
  4279 | D:4      | Noticed an ogre
  4283 | D:4      | Killed an ogre
  4374 | D:4      | Killed chequers' ghost
  4374 | D:4      | Reached skill level 5 in Spellcasting
  4565 | D:4      | Reached skill level 6 in Hexes
  4690 | D:5      | Entered Level 5 of the Dungeon
  4775 | D:3      | Killed Minkie's ghost
  5050 | D:5      | Noticed Ijyb
  5056 | D:5      | Killed Ijyb
  5056 | D:5      | Reached skill level 5 in Short Blades
  5115 | D:5      | Reached XP level 8. HP: 38/41 MP: 21/24
  5850 | D:6      | Found a blossoming altar of Fedhas.
  5851 | D:6      | Found a shadowy altar of Dithmenos.
  5900 | D:6      | Reached skill level 7 in Hexes
  5988 | D:6      | Gained mutation: You are weak. (Str -2) [mutagenic meat]
  5989 | D:6      | Gained mutation: You are very weak. (Str -4) [mutagenic meat]
  6026 | D:6      | Found a glowing drain.
  6151 | Sewer    | Entered a sewer
  7053 | D:6      | Reached skill level 5 in Ice Magic
  7229 | D:6      | Found a staircase to the Ecumenical Temple.
  7237 | Temple   | Entered the Ecumenical Temple
  7622 | Temple   | Quit the game

Action                   |  1- 3 |  4- 6 |  7- 9 || total
-------------------------+-------+-------+-------++-------
Melee: Dagger            |    80 |   154 |   161 ||   395
 Cast: Corona            |     6 |     1 |     5 ||    12
       Ensorcelled Hiber |    36 |    43 |    59 ||   138
       Confuse           |       |    10 |    11 ||    21
  Use: Scroll            |       |       |     6 ||     6
       Potion            |       |       |     6 ||     6
 Stab: Sleeping          |    31 |    39 |    64 ||   134
       Confused          |       |     5 |    13 ||    18
  Eat: Chunk             |     5 |     8 |    12 ||    25
